 Dungeon Crawl Stone Soup version 0.30-a0-758-gc2c871d025 (console) character file.

Game seed: 96905817451152299

116 Ignak the Ogre Mage (level 5, -2/49 HPs)
             Began as an Ogre Hedge Wizard on Feb 10, 2023.
             Succumbed to a scorpion's poison
             ... on level 2 of the Dungeon.
             The game lasted 00:03:59 (1131 turns).

Ignak the Ogre Mage (Ogre Hedge Wizard)             Turns: 1131, Time: 00:03:59

Health: -2/49      AC:  4    Str: 13 (15) XL:     5   Next: 0%
Magic:  5/11       EV: 14    Int: 17 (19) God:
Gold:   105        SH:  0    Dex:  6 (7)  Spells: 4/12 levels left

rFire   . . .      SeeInvis .    e - +2 hand axe (flame)
rCold   . . .      Faith    .    (no shield)
rNeg    . . .      Spirit   .    b - +0 robe
rPois   .          Reflect  .    c - +0 hat
rElec   .          Harm     .    (no cloak)
rCorr   .          Rampage  .    (gloves unavailable)
Will    .....                    (boots unavailable)
Stlth   +                        i - amulet of magic regeneration
HPRegen 0.28/turn                o - +5 ring of evasion
MPRegen 0.52/turn                (no ring)

@: lethally poisoned (-2 -> -11), on blink cooldown, very slightly contaminated
A: large, unfitting armour, tough skin 1, talons 1, clever 1, shaggy fur 1
a: no special abilities


You were on level 2 of the Dungeon.
You visited 1 branch of the dungeon, and saw 2 of its levels.

You collected 105 gold pieces.

Inventory:

Hand Weapons
 a - a +0 dagger
 e - a +2 hand axe of flaming (weapon)
Armour
 b - a +0 robe (worn)
 c - a +0 hat (worn)
Jewellery
 i - an amulet of magic regeneration (around neck)
 o - a +5 ring of evasion (left hand)
Scrolls
 g - a scroll of teleportation
 h - a scroll of fear
 m - a scroll of silence
 p - 2 scrolls of identify
 q - a scroll of vulnerability {unknown}
 s - a scroll of immolation {unknown}
Potions
 f - 2 potions of mutation
 j - a potion of brilliance {unknown}
 k - a potion of heal wounds {unknown}
 l - a potion of attraction {unknown}
 n - a potion of lignification {unknown}
 r - 2 potions of magic


   Skills:
 + Level 1.7 Fighting
 * Level 1.6 Axes
 + Level 1.0 Armour
 + Level 2.1 Dodging
 - Level 1.6 Stealth
 + Level 4.0 Spellcasting
 + Level 1.3 Conjurations
 - Level 0.8 Summonings
 + Level 1.4 Translocations
 + Level 0.6 Air Magic
 + Level 0.5 Poison Magic


You had 4 spell levels left.
You knew the following spells:

 Your Spells              Type           Power      Damage    Failure   Level
a - Magic Dart            Conj           32%        1d4       9%          1
b - Blink                 Tloc           16%        N/A       13%         2
d - Mephitic Cloud        Conj/Pois/Air  6%         N/A       32%         3
e - Call Imp              Summ           6%         N/A       17%         2

Your spell library contained the following spells:

 Spells                   Type           Power      Damage    Failure   Level
 Slow                     Hex            12%        N/A       16%         1
 Cigotuvi's Dreadful Rot  Necr/Pois/Air  8%         N/A       21%         2


Dungeon Overview and Level Annotations

Branches:
Dungeon (2/15)

Altars:


Innate Abilities, Weirdness & Mutations

You are too large for most types of armour.
You have tough skin. (AC +1)
You have sharp toenails.
Your mind is acute. (Int +4, Str/Dex -1)
You are covered in fur. (AC +1)


Message History

The scorpion is severely wounded.
You feel very sick. The scorpion misses you. The scorpion barely misses you.
You closely miss the scorpion. You claw the scorpion.
The scorpion is almost dead.
You feel very sick. The scorpion stings you.
* * * LOW HITPOINT WARNING * * *
You are lethally poisoned!
The scorpion poisons you!
Casting: Mephitic Cloud (quite dangerous; 32% risk of failure)
Confirm with . or Enter, or press ? or * to list all spells.
You blink.
Found a whip and a longbow.
* * * LOW HITPOINT WARNING * * *
You feel very sick.
You hit the kobold. You burn the kobold.
You kill the kobold!
* * * LOW HITPOINT WARNING * * *
You feel very sick.
Okay, then.
Press: ? - help, v - describe, . - travel, g - get item
Here: a scorpion (almost dead)
Items here: a +0 short sword; a kobold corpse.
The floor.
Casting: Blink (safe; 13% risk of failure)
Confirm with . or Enter, or press ? or * to list all spells.
Aiming: Magic Dart (safe; 9% risk of failure)
Press: ? - help, Shift-Dir - straight line, f/p - scorpion
Aim: a scorpion (almost dead, 100% to hit)
The magic dart hits the scorpion.
You kill the scorpion!
* * * LOW HITPOINT WARNING * * *
You feel very sick.
Your Armour skill increases to level 1!
Your Spellcasting skill increases to level 4!
You have reached level 5!
It was a potion of degeneration.
There was something very wrong with that liquid.
You feel weakened.
You feel dopey.
You feel clumsy.
You die...

## #.# ..# ..#.# ####
.. #(#.# . #... #.##
#.#.# ..##... ..#
#.#.# ..).... #.#
#.#.#
)......#######.###.#.#
#....@)....#..##.#.#
##...#####.......#.#
#... ######....###
#... #....... ####
........###
#####....## .#...#..#
......# .........
......# ######
##..#.##..


There were no monsters in sight!

Vanquished Creatures
  A scorpion (D:2)
  Terence (D:1)
  3 dart slugs (D:1)
  3 endoplasms
  A goblin (D:1)
  A hobgoblin (D:2)
  2 quokkas
  7 ball pythons
  3 bats (D:1)
  A frilled lizard (D:1)
  3 kobolds
  5 rats (D:1)
31 creatures vanquished.

Vanquished Creatures (collateral kills)
  A hobgoblin (D:1)
  A kobold (D:1)
2 creatures vanquished.

Grand Total: 33 creatures vanquished

Notes
Turn   | Place    | Note
-------+----------+-------------------------------------------
     0 | D:1      | Ignak the Ogre Hedge Wizard began the quest for the Orb.
     0 | D:1      | Reached XP level 1. HP: 16/16 MP: 5/5
    69 | D:1      | Reached skill level 1 in Conjurations
    69 | D:1      | Reached skill level 1 in Translocations
    69 | D:1      | Reached XP level 2. HP: 24/26 MP: 6/6
    79 | D:1      | Learned a level 2 spell: Blink
    82 | D:1      | Learned a level 2 spell: Call Imp
   278 | D:1      | Reached skill level 1 in Fighting
   424 | D:1      | Reached XP level 3. HP: 31/33 MP: 8/8
   811 | D:2      | Noticed Terence
   823 | D:1      | Learned a level 3 spell: Mephitic Cloud
   853 | D:1      | Killed Terence
   854 | D:1      | Reached skill level 1 in Axes
  1015 | D:2      | Gained mutation: You have sharp toenails. [potion of
                  | mutation]
  1015 | D:2      | Gained mutation: Your mind is acute. (Int +4, Str/Dex -1)
                  | [potion of mutation]
  1015 | D:2      | Gained mutation: You are covered in fur. (AC +1) [potion of
                  | mutation]
  1052 | D:2      | Reached XP level 4. HP: 41/41 MP: 9/9
  1107 | D:2      | Noticed a scorpion
  1130 | D:2      | Killed a scorpion
  1130 | D:2      | HP: 1/41 [poisoned by a scorpion]
  1131 | D:2      | Reached skill level 1 in Armour
  1131 | D:2      | Reached skill level 4 in Spellcasting
  1131 | D:2      | Reached XP level 5. HP: 1/49 MP: 5/11
  1131 | D:2      | Succumbed to a scorpion's poison

Illustrated notes

Levels and vault maps discovered:
D:1:      matt_arrival_debris, layout_loops_cross
D:2:      layout_rooms, uniq_jessica, uniq_terence

Skill      XL: |  1  2  3  4 |
---------------+-------------+-----
Conjurations   | 1 |  1.3
Translocations | 1 |  1.4
Fighting       | 1 |  1.7
Axes           | 1 |  1.6
Dodging        | 2 |  2.1
Armour         | 1 |  1.0
Spellcasting   | 4 |  4.0
Stealth        | |  1.6
Summonings     | |  0.8
Air Magic      | |  0.6
Poison Magic   | |  0.5

Action                     |  1- 3 |  4- 6 || total
---------------------------+-------+-------++-------
  Melee: Hand axe          |    63 |    11 ||    74
         Kick              |     1 |     2 ||     3
         Punch             |     1 |     1 ||     2
   Cast: Call Imp          |     8 |     2 ||    10
         Blink             |     2 |     1 ||     3
         Mephitic Cloud    |     1 |     1 ||     2
         Magic Dart        |       |     1 ||     1
    Use: Scroll            |     3 |       ||     3
         Potion            |     2 |     1 ||     3
   Stab: Sleeping          |     1 |       ||     1
 Armour: Robe              |    31 |       ||    31
  Dodge: Dodged            |    34 |    11 ||    45

Table legend: (Time is in decaauts)
 A = Elapsed time spent in this place.
 B = Non-inter-level travel time spent in this place.
 C = Inter-level travel time spent in this place.
 D = Time resting spent in this place.
 E = Time spent auto-exploring this place.
 F = Levels seen in this place.
 G = Mean time per level.
                   A        B        C        D        E       F      G
               +--------+--------+--------+--------+--------+-----+--------+
         Total |   1151 |   1135 |     16 |     81 |    590 |   2 |  575.5 |
       Dungeon |   1151 |   1135 |     16 |     81 |    590 |   2 |  575.5 |
               +--------+--------+--------+--------+--------+-----+--------+

Top non-repeatable levels by time:
     D:1: 941 daAuts
     D:2: 210 daAuts
